 Dungeon Crawl Stone Soup version 0.27-a0-1066-g29160eaed2 (webtiles) character file.

Game seed: 6942756056553789331

390 LordDeathwing the Sneak (level 6, -4/49 HPs)
             Began as a Naga Hedge Wizard on Apr 24, 2021.
             Shot with an arrow by a centaur (12 damage)
             ... on level 5 of the Dungeon.
             The game lasted 00:33:47 (5750 turns).

LordDeathwing the Sneak (Naga Hedge Wizard)         Turns: 5750, Time: 00:33:48

Health: -4/49      AC:  4    Str: 19    XL:     6   Next: 80%
Magic:  3/11       EV: 10    Int: 16    God:
Gold:   333        SH:  0    Dex: 10    Spells: 4/12 levels left

rFire    . . .     SeeInvis +   z - +2 dagger (elec)
rCold    . . .     Faith    .   (no shield)
rNeg     . . .     Spirit   .   b - +0 robe
rPois    +         Reflect  .   q - +0 helmet
rElec    .         Harm     .   (no cloak)
rCorr    .         Rampage  .   (no gloves)
Will     .....                  (no barding)
Stlth    ++........             (no amulet)
HPRegen  0.16/turn              w - +6 ring of strength
MPRegen  0.12/turn              (no ring)

@: very slightly contaminated, very slow
A: AC +2, large, see invisible, deformed body, poison resistance, slowness 2,
spit poison 1, naga tail 1
a: Spit Poison


You were on level 5 of the Dungeon.
You visited 1 branch of the dungeon, and saw 5 of its levels.

You collected 333 gold pieces.

Inventory:

Hand Weapons
 i - a +2 dagger of speed
 z - a +2 dagger of electrocution (weapon)
Missiles
 o - 7 boomerangs
 y - 2 throwing nets
Armour
 b - a +0 robe (worn)
 c - a +0 hat
 q - a +0 helmet (worn)
 x - a +2 buckler
Jewellery
 r - an amulet of guardian spirit
 w - a +6 ring of strength (left hand)
Wands
 t - a wand of mindburst (6)
Scrolls
 a - 3 scrolls of noise {unknown}
 d - a scroll of enchant weapon {unknown}
 g - a scroll of fear {unknown}
 l - a scroll of teleportation {unknown}
 n - 4 scrolls of identify {unknown}
 s - a scroll of blinking {unknown}
 v - 4 scrolls of vulnerability {unknown}
Potions
 e - a potion of lignification {unknown}
 f - a potion of cancellation {unknown}
 h - a potion of degeneration {unknown}
 j - a potion of might {unknown}
 k - a potion of berserk rage {unknown}
 m - a potion of heal wounds {unknown}
 p - 2 potions of curing {unknown}
 u - a potion of haste {unknown}


   Skills:
 + Level 2.1 Dodging
 - Level 4.0 Stealth
 + Level 3.8 Spellcasting
 * Level 3.3 Conjurations
 + Level 2.8 Summonings
 + Level 1.8 Translocations
 * Level 2.8 Fire Magic


You had 4 spell levels left.
You knew the following spells:

 Your Spells              Type           Power      Damage    Failure   Level
b - Blink                 Tloc           N/A        N/A       12%         2
d - Magic Dart            Conj           52%        1d5       4%          1
f - Conjure Flame         Conj/Fire      12%        6-21      14%         3
i - Call Imp              Summ           12%        N/A       9%          2

Your spell library contained the following spells:

 Spells                   Type           Power      Damage    Failure   Level
 Animate Skeleton         Necr           6%         N/A       17%         1
 Pain                     Necr           12%        1d4       17%         1
 Slow                     Hex            3%         N/A       26%         2
 Mephitic Cloud           Conj/Pois/Air  6%         N/A       32%         3
 Vampiric Draining        Necr           1%         2d6       45%         3
 Animate Dead             Necr           1%         N/A       86%         4
 Agony                    Necr           3%         N/A       99%         5


Dungeon Overview and Level Annotations

Branches:
Dungeon (5/15)
 Temple: D:4-7

Altars:
Okawaru
Qazlal
Trog
Vehumet
Xom

Shops:
D:1 (


Innate Abilities, Weirdness & Mutations

Your serpentine skin is tough. (AC +2)
You have supernaturally acute eyesight. (SInv)
Armour fits poorly on your strangely shaped body.
Your system is resistant to poisons. (rPois)
You cover ground very slowly.
You can spit poison.
You have a snake-like lower body.


Message History

The magic dart hits the centaur.
The centaur is lightly wounded.
The centaur shoots an arrow.
The arrow barely misses you.
The centaur shoots an arrow.
The arrow hits you!
Abil: Spit Poison
Press: ? - help, Q - select action, (/) - cycle Shift-Dir - straight line, f/p - centaur
Aim: a centaur, wielding a +0 shortbow and quivering arrows (lightly wounded)
The splash of poison misses the centaur.
The centaur shoots an arrow.
The arrow barely misses you.
The centaur shoots an arrow.
The arrow closely misses you.
The centaur shoots an arrow.
The arrow closely misses you.
The centaur shoots an arrow.
The arrow hits you!
You have got your breath back.
There is an open door here.
Casting: Magic Dart (safe; 4% risk of failure)
Confirm with . or Enter, or press ? or * to list all spells.
You miscast Call Imp.
You are very lightly contaminated with residual magic.
Nothing appears to happen.
Casting: Call Imp (safe; 9% risk of failure)
Confirm with . or Enter, or press ? or * to list all spells.
A beastly little devil appears in a puff of frigid air.
Casting: Call Imp (safe; 9% risk of failure)
Confirm with . or Enter, or press ? or * to list all spells.
A shadowy apparition takes form in the air.
The centaur unwields a +0 shortbow.
The centaur hits you. The centaur kicks you.
Your white imp gestures at the centaur.
The puff of frost hits the centaur.
The centaur wields a +0 shortbow.
The centaur shoots an arrow.
The arrow hits you!
* * * LOW HITPOINT WARNING * * *
The centaur shoots an arrow.
The arrow barely misses you.
Your white imp hits the centaur but does no damage.
Your shadow imp hits the centaur.
Casting: Call Imp (safe; 9% risk of failure)
Confirm with . or Enter, or press ? or * to list all spells.
A shadowy apparition takes form in the air.
The centaur shoots an arrow.
The arrow hits you!
You die...

####......# #.#
#.........# #.#
######'#### #.#########
#..# #.......... ##.##
#..........
######..####5.........
..............c5.......
########..###.#'#######
##.# #.#@# #.. #.#5#
##+##.#.# .c#.# ..#.#
...#.# ...#.# ....#.#


You could see a centaur (ally target), a friendly white imp (summoned) and 2
friendly shadow imps.

Vanquished Creatures
  An ogre (D:4)
  A scorpion (D:4)
  A centaur zombie (D:4)
  Jessica (D:2)
  An iguana (D:5)
  A howler monkey skeleton (D:4)
  4 adders
  A worm (D:2)
  A dart slug (D:3)
  An orc (D:4)
  5 ball pythons
  2 endoplasms
  3 giant cockroaches
  3 goblins
  3 hobgoblins
  6 jackals
  4 quokkas
  8 bats
  3 frilled lizards
  6 kobolds
  2 rats
58 creatures vanquished.

Vanquished Creatures (collateral kills)
  A hornet zombie (D:5)
  A scorpion (D:4)
  A white imp (D:5)
  An adder skeleton (D:4)
  A dart slug (D:2)
  2 orcs
  A jackal (D:4)
  A quokka (D:2)
9 creatures vanquished.

Grand Total: 67 creatures vanquished

Notes
Turn   | Place    | Note
-------+----------+-------------------------------------------
     0 | D:1      | LordDeathwing the Naga Hedge Wizard began the quest for the
                  | Orb.
     0 | D:1      | Reached XP level 1. HP: 15/15 MP: 4/4
   298 | D:1      | Found Ujiassomp's Weapon Emporium.
   313 | D:1      | Reached XP level 2. HP: 22/22 MP: 0/6
   316 | D:1      | Learned a level 2 spell: Call Imp
   469 | D:1      | You fall into a shaft and drop 1 floor!
  1063 | D:1      | Found a faded altar of an unknown god.
  1132 | D:1      | Found an iron altar of Okawaru.
  1581 | D:2      | Reached XP level 3. HP: 28/28 MP: 5/7
  1707 | D:2      | Learned a level 3 spell: Conjure Flame
  1761 | D:2      | Noticed Jessica
  1764 | D:2      | Killed Jessica
  2668 | D:3      | Reached XP level 4. HP: 36/36 MP: 2/8
  2963 | D:3      | Reached skill level 1 in Fire Magic
  2966 | D:3      | Learned a level 2 spell: Blink
  3317 | D:3      | Found a bloodstained altar of Trog.
  3499 | D:3      | Found an ancient bone altar of Kikubaaqudgha.
  3501 | D:3      | Found a stormy altar of Qazlal.
  3501 | D:3      | Found a radiant altar of Vehumet.
  3503 | D:3      | Found a burning altar of Makhleb.
  3503 | D:3      | Found a shadowy altar of Dithmenos.
  3503 | D:3      | Found a shimmering altar of Xom.
  4096 | D:4      | Reached skill level 4 in Stealth
  4111 | D:4      | Noticed a scorpion
  4131 | D:4      | Killed a scorpion
  4132 | D:4      | Reached XP level 5. HP: 22/42 MP: 0/10
  4281 | D:4      | Noticed an ogre
  4533 | D:4      | Reached XP level 6. HP: 43/49 MP: 6/11
  4772 | D:4      | Found a stormy altar of Qazlal.
  5088 | D:5      | Entered Level 5 of the Dungeon
  5674 | D:5      | Found a radiant altar of Vehumet.
  5750 | D:5      | Shot with an arrow by a centaur

Illustrated notes

Levels and vault maps discovered:
D:1:      dpeg_arrival_lava_altar, layout_loops_ring,
          shapermc_ecumenical_altar_mp_urbaneastern, serial_shops,
          shop_fountains, minivault_26, corexii_leaking_fountain
D:2:      layout_loops_ring, uniq_jessica
D:3:      layout_loops_corners, doesnt_xom_only_xom, trog_book, minivault_27,
          nrook_uturn
D:4:      layout_basic, lemuel_doored_altar
D:5:      layout_basic, evilmike_ruin_ashenzari, marbit_many_paths,
          uniq_blork_the_orc, uniq_prince_ribbit1

Skill      XL: |  1  2  3  4  5  6 |
---------------+-------------------+-----
Summonings     | 2 |  2.8
Conjurations   | 2 3 |  3.3
Fire Magic     | 1 2 |  2.8
Stealth        | 4 |  4.0
Dodging        | 2 |  2.1
Spellcasting   | |  3.8
Translocations | |  1.8

Action                   |  1- 3 |  4- 6 || total
-------------------------+-------+-------++-------
Melee: Dagger            |    32 |    33 ||    65
 Cast: Magic Dart        |    63 |    62 ||   125
       Call Imp          |     6 |    26 ||    32
 Abil: Spit Poison       |    14 |    17 ||    31
 Stab: Distracted        |       |     1 ||     1
Armor: Robe              |     8 |    14 ||    22
Dodge: Dodged            |    20 |    34 ||    54

Table legend: (Time is in decaauts)
 A = Elapsed time spent in this place.
 B = Non-inter-level travel time spent in this place.
 C = Inter-level travel time spent in this place.
 D = Time resting spent in this place.
 E = Time spent auto-exploring this place.
 F = Levels seen in this place.
 G = Mean time per level.
                   A        B        C        D        E       F      G
               +--------+--------+--------+--------+--------+-----+--------+
         Total |   6992 |   6893 |     99 |    801 |   5010 |   5 | 1398.4 |
       Dungeon |   6992 |   6893 |     99 |    801 |   5010 |   5 | 1398.4 |
               +--------+--------+--------+--------+--------+-----+--------+

Top non-repeatable levels by time:
     D:2: 1729 daAuts
     D:3: 1624 daAuts
     D:4: 1509 daAuts
     D:1: 1475 daAuts
     D:5: 654 daAuts
